 Dungeon Crawl Stone Soup version 0.19.5 (webtiles) character file.

54762 Nancy the Slayer (level 14, -2/151 HPs)
             Began as a Minotaur Berserker on Apr 6, 2017.
             Was a High Priest of Trog.
             Killed by divine providence
             ... invoked by Saint Roka
              (12 damage)
             ... on level 2 of the Orcish Mines.
             The game lasted 01:39:44 (20543 turns).

Nancy the Slayer (Minotaur Berserker)              Turns: 20543, Time: 01:39:46

Health: -2/151     AC: 18    Str: 30    XL:     14   Next: 35%
Magic:  13/13      EV: 11    Int:  4    God:    Trog [*****.]
Gold:   1077       SH: 15    Dex: 13    Spells: 0 memorised, 13 levels left

rFire  . . .     SeeInvis .     V - +1 eveningstar (freeze)
rCold  . . .     Gourm    .     O - +3 ring mail
rNeg   . . .     Faith    .     u - +2 shield
rPois  .         Spirit   .     v - +2 hat
rElec  .         Reflect  +     (no cloak)
rCorr  .         Harm     .     D - +2 pair of gloves {Str+3}
MR     +....                    t - +2 pair of boots
Stlth  +.........               x - +5 amulet of reflection
                                (no ring)
                                d - +3 ring of strength

@: very slightly contaminated, hasted, drained, very quick
A: retaliatory headbutt, horns 2
a: Berserk, Trog's Hand, Brothers in Arms, Burn Spellbooks, Renounce Religion


You were on level 2 of the Orcish Mines.
You worshipped Trog.
Trog was extremely pleased with you.
You were not hungry.

You visited 4 branches of the dungeon, and saw 19 of its levels.
You also visited: Bailey.

You collected 1687 gold pieces.
You spent 610 gold pieces at shops.

Inventory:

Hand Weapons
 a - the +1 mace "Ihilyebb" {crush, +Fly Str+4 Dex+3 SInv}
   (You bought it in a shop on level 6 of the Dungeon)

   It inflicts extra damage upon your enemies.
   It affects your strength (+4).
   It affects your dexterity (+3).
   It lets you see invisible.
   It lets you fly.
 V - a +1 eveningstar of freezing (weapon)
Missiles
 l - 33 tomahawks of returning (quivered)
 y - 2 throwing nets
 F - 7 exploding tomahawks
 G - 2 javelins of returning
 W - 6 javelins
Armour
 t - a +2 pair of boots (worn)
 u - a +2 shield (worn)
 v - a +2 hat (worn)
 C - +0 fire dragon scales
 D - a +2 pair of gloves of strength (worn)
 H - the +1 leather armour of the Devil {Str+4}
   (You took it off an orc on level 6 of the Dungeon)

   It affects your strength (+4).
 N - a +0 plate armour
 O - a +3 ring mail (worn)
Jewellery
 d - a +3 ring of strength (left hand)
 x - a +5 amulet of reflection (around neck)
 M - an uncursed amulet of harm
 T - the amulet "Xaqafa Cuepn" {+Rage +Inv rC- Dex+5}
   (You found it on level 1 of the Lair of Beasts)

   [amulet of rage]

   It affects your dexterity (+5).
   It makes you vulnerable to cold.
   It lets you turn invisible.
   It lets you go berserk.
Wands
 e - a wand of flame (14/48)
 i - a wand of random effects (34/48)
 I - a wand of lightning (3/15)
 L - a wand of hasting (2/9)
 R - a wand of hasting (2/9)
Scrolls
 g - a scroll of magic mapping
 k - a scroll of enchant weapon
 m - 4 scrolls of identify
 r - 3 scrolls of remove curse
 z - 2 scrolls of enchant armour
 J - a scroll of blinking
 K - a scroll of fear
 P - 2 scrolls of recharging
 X - 2 scrolls of teleportation
 Y - a scroll of fog
Potions
 j - a potion of berserk rage
 s - 4 potions of brilliance
 A - 2 potions of cancellation
 B - 2 potions of agility
 E - 5 potions of curing
Books
 b - a book of Conjurations

   Spells                             Type                      Level
   a - Magic Dart                     Conjuration                  1
   b - Searing Ray                    Conjuration                  2
   c - Dazzling Spray                 Conjuration/Hexes            3
   d - Fulminant Prism                Conjuration/Hexes            4
   e - Iskenderun's Mystic Blast      Conjuration                  4
   f - Iskenderun's Battlesphere      Conjuration/Charms           5
   Trog disapproves of the use of such an item.
 c - the Volume of Creative Venom
   (You found it on level 10 of the Dungeon)

   Spells                             Type                      Level
   a - Call Imp                       Summoning                    2
   b - Ignite Poison                  Fire/Transmutation/Poison    3
   c - Recall                         Summoning/Translocation      3
   d - Summon Mana Viper              Hexes/Summoning              5
   Trog disapproves of the use of such an item.
 f - a book of Callings

   Spells                             Type                      Level
   a - Summon Small Mammal            Summoning                    1
   b - Call Imp                       Summoning                    2
   c - Call Canine Familiar           Summoning                    3
   d - Summon Guardian Golem          Hexes/Summoning              3
   e - Summon Lightning Spire         Summoning/Air                4
   f - Summon Ice Beast               Ice/Summoning                4
   Trog disapproves of the use of such an item.
 S - a book of Callings

   Spells                             Type                      Level
   a - Summon Small Mammal            Summoning                    1
   b - Call Imp                       Summoning                    2
   c - Call Canine Familiar           Summoning                    3
   d - Summon Guardian Golem          Hexes/Summoning              3
   e - Summon Lightning Spire         Summoning/Air                4
   f - Summon Ice Beast               Ice/Summoning                4
   Trog disapproves of the use of such an item.
 U - a book of Transfigurations

   Spells                             Type                      Level
   a - Irradiate                      Conjuration/Transmutation    5
   b - Statue Form                    Transmutation/Earth          6
   c - Hydra Form                     Transmutation                6
   d - Dragon Form                    Transmutation                7
   Trog disapproves of the use of such an item.
Comestibles
 h - 2 fruits
 n - 5 meat rations
 Q - 5 bread rations


   Skills:
 - Level 21.4(20.7) Fighting
 - Level 16.0(15.4) Maces & Flails
 + Level 7.4(6.9) Armour
 + Level 6.6(6.1) Dodging


You had 13 spell levels left.
You didn't know any spells.

Dungeon Overview and Level Annotations

Branches:
Dungeon (10/15)            Temple (1/1) D:6            Lair (6/6) D:9
  Swamp (0/4) Lair:2       Spider (0/4) Lair:4        Slime (0/5) Lair:6
    Orc (2/2) D:10            Elf (0/3) Orc:2

Altars:
Ashenzari
Cheibriados
Dithmenos
Elyvilon
Fedhas
Gozag
Hepliaklqana
Kikubaaqudgha
Makhleb
Nemelex Xobeh
Okawaru
Qazlal
Ru
Sif Muna
Trog
Uskayaw
Vehumet
Xom
Yredelemnul
Zin
The Shining One
Jiyva

Shops:
D:6 (*}   D:10 %   Orc:2 *:([

Annotations:
Orc:2 Saint Roka


Innate Abilities, Weirdness & Mutations

You reflexively headbutt those who attack you in melee.
You have a pair of horns on your head.


Message History

You block the orc warrior's attack.
Saint Roka hits your troll with an enchanted great sword!
Your shield prevents you from hitting the orc warrior.
You headbutt the orc warrior.
The orc warrior is almost dead.
Your troll bites the orc warrior!
The orc warrior dies!
Trog accepts your kill. You block the orc's attack.
The orc priest looks braver for a moment.
The orc barely misses you.
You completely miss the orc. Your headbutt misses the orc.
Your troll bites the orc!!
The orc dies!
Trog accepts your kill.
The orc warrior hits you from afar with a halberd!!
* * * LOW HITPOINT WARNING * * *
Saint Roka invokes the aid of Beogh against you.
Beogh smites you!
You die...

............
......#....
##.#........
##..........o.
#....).......#
##.#))....P...
#...o)........
#..)Poo....P..
##..@Too.∩.....
#...P)o........
##......8....P.
########...P..P...
###..#####..........
##......##......P....
#.........)..###.....
##...........## .....
###..)........## ....


You could see Saint Roka, 2 orc warriors, an orc priest, 2 orcs and a friendly
troll (berserk).

Vanquished Creatures
  Gastronok (Lair:1)
  2 orc warlords
  The ghost of Vorshek the Transmogrifier, a journeyman MfTm of Okawaru (Lair:6)
  A fire dragon (Lair:6)
  Erolcha (D:10)
  2 catoblepae (Lair:5)
  4 hydras
  2 orc high priests (Orc:2)
  Urug (Lair:2)
  A fire crab (Lair:5)
  2 hill giants (D:10)
  4 orc knights (Orc:2)
  4 orc sorcerers (Orc:2)
  An oklob plant (Lair:3)
  5 elephants (Lair:5)
  8 spiny frogs
  6 black mambas
  3 molten gargoyles (Lair:6)
  A gargoyle (D:10)
  2 rime drakes
  10 komodo dragons
  A merfolk (D:10)
  2 polar bears
  4 two-headed ogres
  6 hippogriffs
  6 blink frogs
  5 dream sheep
  A redback (Lair:4)
  A spriggan (Lair:5)
  A wraith (Orc:2)
  4 wyverns
  A steam dragon (Lair:6)
  38 yaks
  7 basilisks
  Grum (D:9)
  2 hungry ghosts
  2 wargs
  Menkaure (D:7)
  5 swamp worms
  3 hell hounds (Lair:6)
  4 porcupines
  16 water moccasins
  An ice beast (D:6)
  A hornet zombie (D:8)
  24 orc warriors
  8 ogres
  2 sky beasts (D:9)
  5 black bears
  3 phantoms
  9 wolves
  13 crocodiles
  2 centaurs
  A big kobold (D:8)
  10 bullfrogs
  3 scorpions
  An electric eel (Lair:2)
  9 killer bees
  3 wights (D:8)
  2 howler monkeys
  5 lava snakes (Lair:6)
  6 crimson imps
  A bullfrog zombie (D:7)
  8 orc priests
  2 centaur zombies
  5 jellies
  3 centaur skeletons
  7 hounds
  9 worker ants
  14 orc wizards
  3 iguanas
  A killer bee zombie (D:8)
  8 gnolls
  A howler monkey skeleton (D:7)
  4 worker ant zombies
  10 adders
  A shadow imp (D:6)
  An ooze (D:1)
  An adder zombie (D:7)
  A worm (D:2)
  A dart slug (D:5)
  4 leopard geckos
  61 orcs
  2 giant cockroaches
  15 goblins
  9 hobgoblins
  3 jackals (D:1)
  18 kobolds
  2 quokkas
  A ball python (D:1)
  5 bats
  4 frilled lizards
  A jackal skeleton (D:6)
  A leopard gecko skeleton (D:6)
  4 rats
  A fungus (Orc:2)
  2 plants
495 creatures vanquished.

Vanquished Creatures (collateral kills)
  Rupert (Lair:3)
  An orc high priest (Orc:2)
  A lindwurm (Lair:6)
  An orc sorcerer (Orc:2)
  A vampire (D:9)
  A redback (Lair:6)
  A basilisk (Lair:6)
  A wyvern (Lair:6)
  2 orc warriors (Orc:2)
  A big kobold (D:9)
  An orc wizard (Orc:2)
  An adder (D:9)
  3 orcs (Orc:2)
  4 kobolds (D:9)
20 creatures vanquished.

Vanquished Creatures (others)
  Sonja (Orc:2)
  5 dream sheep (Lair:4)
  A centaur (D:8)
  An orc (Orc:2)
  5 kobolds (Bailey)
  16 fungi
  8 plants
37 creatures vanquished.

Grand Total: 552 creatures vanquished

Notes
Turn   | Place    | Note
-------+----------+-------------------------------------------
     0 | D:1      | Nancy the Minotaur Berserker began the quest for the Orb.
     0 | D:1      | Reached XP level 1. HP: 19/19 MP: 0/0
   122 | D:1      | Reached XP level 2. HP: 15/26 MP: 1/1
   494 | D:1      | Reached skill level 5 in Maces & Flails
   497 | D:1      | Reached ** piety under Trog
   688 | D:2      | Reached XP level 3. HP: 12/31 MP: 2/2
  1476 | D:3      | Reached XP level 4. HP: 39/39 MP: 3/3
  1729 | D:3      | Found a faded altar of an unknown god.
  2193 | D:3      | Reached XP level 5. HP: 45/45 MP: 4/4
  2447 | D:4      | Reached *** piety under Trog
  2447 | D:4      | Reached XP level 6. HP: 48/51 MP: 5/5
  2886 | D:5      | Entered Level 5 of the Dungeon
  2893 | D:5      | Reached XP level 7. HP: 52/57 MP: 6/6
  3115 | D:5      | Found a shadowy altar of Dithmenos.
  3115 | D:5      | Found a sparkling altar of Nemelex Xobeh.
  3273 | D:6      | Reached skill level 10 in Maces & Flails
  3614 | D:6      | Found Caodghuo's General Store.
  3625 | D:6      | Bought a scroll of blinking for 90 gold pieces
  3625 | D:6      | Bought a scroll of identify for 24 gold pieces
  3625 | D:6      | Bought a scroll of fear for 42 gold pieces
  3628 | D:6      | Found Kecsim's Gadget Shoppe.
  3665 | D:6      | Reached XP level 8. HP: 64/64 MP: 7/7
  3687 | D:6      | Received a gift from Trog
  3756 | D:6      | Got a steaming leather armour
  3791 | D:6      | Identified the +1 leather armour of the Devil {Str+4} (You took it off an orc on level 6 of the Dungeon)
  3888 | D:6      | Found a staircase to the Ecumenical Temple.
  3904 | Temple   | Entered the Ecumenical Temple
  4231 | D:6      | Got a crystal mace
  4232 | D:6      | Identified the +1 mace of the Wolf {crush, Str+2 SInv} (You found it on level 6 of the Dungeon)
  4295 | D:6      | Found Eviph's Weapon Shop.
  4385 | D:6      | Found a sacrificial altar of Ru.
  4458 | D:7      | Noticed Menkaure
  4476 | D:7      | Found a flagged portal.
  4482 | D:7      | Reached **** piety under Trog
  4513 | Bailey   | Entered a bailey
  4538 | Bailey   | Noticed an orc warlord
  4640 | Bailey   | Reached XP level 9. HP: 68/70 MP: 8/8
  4677 | Bailey   | Found a runed gate.
  4680 | Bailey   | Found a runed gate.
  4682 | Bailey   | Found a runed gate.
  4813 | Bailey   | Killed an orc warlord
  4813 | Bailey   | Reached skill level 15 in Maces & Flails
  5331 | D:7      | Killed Menkaure
  5398 | D:6      | Bought the cursed +1 mace "Ihilyebb" {crush, +Fly Str+4 Dex+3 SInv} for 379 gold pieces
  5576 | D:8      | Reached skill level 4 in Fighting
  5630 | D:8      | Reached ***** piety under Trog
  5642 | D:8      | Reached skill level 5 in Fighting
  5642 | D:8      | Reached XP level 10. HP: 73/81 MP: 9/9
  5852 | D:8      | Reached skill level 6 in Fighting
  5933 | D:8      | Reached skill level 7 in Fighting
  6336 | D:9      | Noticed Grum
  6339 | D:9      | Reached skill level 8 in Fighting
  6359 | D:9      | Killed Grum
  6590 | D:9      | Reached skill level 9 in Fighting
  6604 | D:9      | Gained mutation: You are weak. (Str -2) [mutagenic meat]
  6605 | D:9      | Lost mutation: You are weak. (Str -2) [mutagenic meat]
  6953 | D:9      | Found a staircase to the Lair.
  7301 | D:9      | Reached skill level 10 in Fighting
  7484 | D:9      | Gained mutation: You have large cloven feet. [potion of beneficial mutation]
  7719 | Lair:1   | Entered Level 1 of the Lair of Beasts
  7783 | Lair:1   | Reached skill level 11 in Fighting
  7787 | Lair:1   | Noticed Gastronok
  7807 | Lair:1   | Killed Gastronok
  7807 | Lair:1   | Reached skill level 12 in Fighting
  7807 | Lair:1   | Reached XP level 11. HP: 58/105 MP: 10/10
  8172 | Lair:1   | Reached skill level 13 in Fighting
  8501 | Lair:1   | Got a vibrating diamond amulet
  8502 | Lair:1   | Identified the amulet "Xaqafa Cuepn" {+Rage +Inv rC- Dex+5} (You found it on level 1 of the Lair of Beasts)
  8959 | Lair:2   | Noticed a four-headed hydra
  8969 | Lair:2   | Killed a four-headed hydra
  8969 | Lair:2   | Reached skill level 14 in Fighting
  9082 | Lair:2   | Noticed Urug
  9108 | Lair:2   | Killed Urug
  9498 | Lair:2   | Reached skill level 15 in Fighting
  9618 | Lair:2   | Found a staircase to the Swamp.
 10707 | Lair:3   | Noticed Rupert
 10714 | Lair:3   | Killed Rupert
 10714 | Lair:3   | Reached skill level 16 in Fighting
 10714 | Lair:3   | Reached XP level 12. HP: 76/122 MP: 11/11
 11540 | Lair:3   | Reached skill level 17 in Fighting
 11683 | Lair:3   | Noticed a seven-headed hydra
 11692 | Lair:3   | Killed a seven-headed hydra
 11705 | Lair:4   | Noticed a four-headed hydra
 11712 | Lair:4   | Killed a four-headed hydra
 12351 | Lair:4   | Found a hole to the Spider Nest.
 12522 | Lair:4   | Reached skill level 18 in Fighting
 12544 | Lair:4   | Gained mutation: You have hoof-like feet. [potion of mutation]
 12544 | Lair:4   | Gained mutation: You are agile. (Dex +2) [potion of mutation]
 12544 | Lair:4   | Gained mutation: You have a pair of large horns on your head. [potion of mutation]
 12545 | Lair:4   | Lost mutation: You have a pair of large horns on your head. [potion of mutation]
 12545 | Lair:4   | Gained mutation: Your spells are a little easier to cast, but a little less powerful. [potion of mutation]
 12545 | Lair:4   | Gained mutation: You tend to lose your temper in combat. [potion of mutation]
 12547 | Lair:4   | Lost mutation: You tend to lose your temper in combat. [potion of cure mutation]
 12547 | Lair:4   | Lost mutation: Your spells are a little easier to cast, but a little less powerful. [potion of cure mutation]
 12547 | Lair:4   | Lost mutation: You are agile. (Dex +2) [potion of cure mutation]
 12547 | Lair:4   | Lost mutation: You have hoof-like feet. [potion of cure mutation]
 12547 | Lair:4   | Lost mutation: You have large cloven feet. [potion of cure mutation]
 12818 | Lair:4   | Received a gift from Trog
 13037 | Lair:4   | Found a shimmering altar of Xom.
 13148 | Lair:5   | Noticed a catoblepas
 13158 | Lair:5   | Killed a catoblepas
 13321 | Lair:5   | Reached skill level 19 in Fighting
 13733 | Lair:5   | Reached XP level 13. HP: 123/137 MP: 12/12
 14727 | Lair:6   | Entered Level 6 of the Lair of Beasts
 15172 | Lair:6   | Noticed Vorshek's ghost (journeyman MfTm)
 15190 | Lair:6   | Killed Vorshek's ghost
 15190 | Lair:6   | Reached skill level 20 in Fighting
 15674 | Lair:6   | Found a viscous altar of Jiyva.
 15674 | Lair:6   | Found a staircase to the Slime Pits.
 15960 | Lair:6   | Reached skill level 21 in Fighting
 16458 | Lair:6   | Noticed a fire dragon
 16484 | Lair:6   | Found a large runed door.
 16487 | Lair:6   | Found a large runed door.
 16504 | Lair:6   | Received a gift from Trog
 17274 | Lair:6   | Killed a fire dragon
 17592 | D:10     | Entered Level 10 of the Dungeon
 17668 | D:10     | Identified the Volume of Creative Venom
 18041 | D:10     | Noticed Erolcha
 18043 | D:10     | Found a staircase to the Orcish Mines.
 18056 | D:10     | Killed Erolcha
 18571 | D:10     | Reached XP level 14. HP: 151/151 MP: 13/13
 18890 | D:10     | Found Sereih's Food Shoppe.
 18981 | Orc:1    | Entered Level 1 of the Orcish Mines
 19142 | Orc:2    | Entered Level 2 of the Orcish Mines
 19142 | Orc:2    | Found Riucs's Antique Armour Shop.
 19148 | Orc:2    | Noticed Sonja
 19157 | Orc:2    | Reached skill level 5 in Armour
 19182 | Orc:2    | Killed Sonja
 19498 | Orc:2    | Found Surepum's Antique Weapon Emporium.
 19515 | Orc:2    | Reached skill level 5 in Dodging
 19626 | Orc:2    | Found Owkeb's General Store.
 19626 | Orc:2    | Noticed an orc warlord
 20017 | Orc:2    | Killed an orc warlord
 20433 | Orc:2    | Found a staircase to the Elven Halls.
 20457 | Orc:2    | Bought a scroll of identify for 30 gold pieces
 20457 | Orc:2    | Bought 2 fruits for 45 gold pieces
 20496 | Orc:2    | Found Bokeriud's Book Shoppe.
 20519 | Orc:2    | Noticed Saint Roka
 20543 | Orc:2    | Killed from afar by Saint Roka

Skill      XL: |  1  2  3  4  5  6  7  8  9 10 11 12 13 14 |
---------------+-------------------------------------------+-----
Maces & Flails | 4 5 6 8 9 11 13 16 | 16.0
Fighting       | 5 12 16 19 21 | 21.4
Armour         | 4 7 |  7.4
Dodging        | 3 6 |  6.6

Action                   |  1- 3 |  4- 6 |  7- 9 | 10-12 | 13-15 || total
-------------------------+-------+-------+-------+-------+-------++-------
Melee: Mace              |    68 |    38 |   155 |   487 |       ||   748
       Headbutt          |     6 |    13 |    46 |   175 |   106 ||   346
       Flail             |       |    87 |   157 |       |       ||   244
       Eveningstar       |       |       |       |    68 |   491 ||   559
Throw: Tomahawk          |       |       |    13 |     7 |       ||    20
Invok: Berserk           |       |       |     2 |     3 |     1 ||     6
       Brothers in Arms  |       |       |     1 |     3 |     7 ||    11
       Trog's Hand       |       |       |       |     2 |       ||     2
       Burn Spellbooks   |       |       |       |       |     1 ||     1
Evoke: Wand              |       |       |       |     3 |     4 ||     7
  Use: Scroll            |     6 |     6 |    12 |    11 |     5 ||    40
       Potion            |     2 |       |     3 |    17 |     2 ||    24
 Stab: Invisible         |       |       |     4 |       |       ||     4
       Sleeping          |       |       |     1 |       |       ||     1
       Distracted        |       |       |       |     1 |       ||     1
  Eat: Chunk             |     1 |     5 |     5 |    30 |    20 ||    61
       Meat ration       |       |       |     2 |       |       ||     2
       Fruit             |       |       |       |     1 |     1 ||     2
       Beef jerky        |       |       |       |       |     1 ||     1
       Bread ration      |       |       |       |       |     1 ||     1
       Pizza             |       |       |       |       |     1 ||     1
Armor: Ring mail         |    16 |    32 |    39 |    88 |   155 ||   330
       Leather armour    |     4 |       |    29 |    54 |       ||    87
Dodge: Dodged            |    36 |    34 |    79 |   106 |   115 ||   370
Block: Shield            |     9 |    52 |   240 |   356 |   330 ||   987
       Reflection        |       |       |    28 |     9 |    17 ||    54
